 Dungeon Crawl Stone Soup version 0.30.0-5-g1a98f26d00 (webtiles) character file.

Game seed: 7510073342374459814

1758 Hubris850 the Cleaver (level 9, -1/71 HPs)
             Began as a Hill Orc Fighter on May 8, 2023.
             Was a High Priest of Jiyva.
             Slain by Joseph
             ... wielding a +0 quarterstaff of speed
              (13 damage)
             ... on level 7 of the Dungeon.
             The game lasted 00:10:58 (4259 turns).

Hubris850 the Cleaver (Hill Orc Fighter)            Turns: 4259, Time: 00:10:59

Health: -1/71      AC: 24    Str: 21    XL:     9   Next: 6%
Magic:  4/9        EV:  8    Int: 16    God:    Jiyva [*****.]
Gold:   156        SH:  4    Dex:  8    Spells: 8/8 levels left

rFire   . . .        a - +0 war axe
rCold   . . .        c - +0 buckler
rNeg    . . .        d - +4 chain mail
rPois   .            (helmet restricted)
rElec   .            w - +2 cloak
rCorr   +            (no gloves)
SInv    .            p - +0 pair of boots
Will    .....        (no amulet) Stlth
                     (no ring)
HPRegen 1.75/turn    (no ring)
MPRegen 0.56/turn

%: no passive effects
@: lethally poisoned (-1 -> -2), slimy, slowed, very slow
A: horns 2, iridescent scales 3, clever 2, acidic bite
a: Renounce Religion, Oozemancy, Slimify


You were on level 7 of the Dungeon.
You worshipped Jiyva.
Jiyva was extremely pleased with you.
You visited 1 branch of the dungeon, and saw 7 of its levels.

You collected 211 gold pieces.
You spent 55 gold pieces at shops.

Inventory:

Hand Weapons
 a - a +0 war axe (weapon)
 n - the +5 mace "Unoschie" {heavy, Will- Str+4}
   (You found it on level 3 of the Dungeon)

   Str:       It affects your strength (+4).
   Will:      It decreases your willpower.
 v - a +3 quarterstaff of chaos
 E - the +8 dagger "Grim Tooth" {freeze, rC+ rN+ Int+4}
   (You found it on level 7 of the Dungeon)

   Int:       It affects your intelligence (+4).
   rC:        It protects you from cold.
   rN:        It protects you from negative energy.
Missiles
 h - 2 poisoned darts
 r - 5 boomerangs (quivered)
 y - 5 throwing nets
Armour
 b - a +0 scale mail
 c - a +0 buckler (worn)
 d - a +4 chain mail (worn)
 l - a +0 helmet
 o - a scarf of repulsion
 p - a +0 pair of boots (worn)
 q - the +0 robe of Zunau {Fly rF- rN+ Str+3 Stlth+}
   (You found it on level 4 of the Dungeon)

   Str:       It affects your strength (+3).
   rF:        It makes you vulnerable to fire.
   rN:        It protects you from negative energy.
   Fly:       It grants you flight.
   Stlth:     It makes you more stealthy.
 w - a +2 cloak (worn)
Scrolls
 e - 4 scrolls of teleportation
 i - a scroll of vulnerability {unknown}
 k - a scroll of summoning {unknown}
 s - a scroll of enchant weapon {unknown}
 t - a scroll of noise {unknown}
 u - 2 scrolls of brand weapon {unknown}
 x - a scroll of amnesia {unknown}
 z - a scroll of immolation {unknown}
 A - a scroll of silence {unknown}
Potions
 f - 2 potions of heal wounds {unknown}
 g - a potion of ambrosia {unknown}
 j - 2 potions of curing {unknown}
 m - 3 potions of lignification
 B - a potion of cancellation {unknown}
 C - a potion of invisibility {unknown}
 D - a potion of attraction {unknown}


   Skills:
 - Level 4.0 Fighting
 + Level 13.3 Axes
 - Level 5.0 Armour
 - Level 5.0 Shields


You had 8 spell levels left.
You didn't know any spells.
Your spell library contained the following spells:

 Spells                   Type           Power      Damage    Failure   Level
 Magic Dart               Conj           0%         1d3       89%         1
 Necrotise                Necr           0%         1d4       89%         1
 Lesser Beckoning         Tloc           0%         N/A       96%         2
 Searing Ray              Conj           0%         2d4       96%         2
 Static Discharge         Conj/Air       0%         2-2/arc   96%         2
 Gell's Gravitas          Tloc           0%         N/A       99%         3
 Hailstorm                Conj/Ice       0%         3d3       99%         3
 Teleport Other           Tloc           0%         N/A       99%         3
 Vampiric Draining        Necr           0%         2d6       99%         3
 Airstrike                Air            0%         2d(0-16)  100%        4
 Fulminant Prism          Conj/Hex       0%         3d5       100%        4
 Ice Form                 Ice/Tmut       0%         N/A       100%        4
 Summon Lightning Spire   Summ/Air       0%         N/A       100%        4
 Agony                    Necr           0%         N/A       100%        5
 Simulacrum               Ice/Necr       0%         N/A       100%        6


Dungeon Overview and Level Annotations

Branches:
Dungeon (7/15)             Temple (0/1) D:7

Altars:
Ashenzari
Elyvilon
Gozag
Hepliaklqana
Kikubaaqudgha
Okawaru
Trog
Xom
Jiyva

Shops:
D:6 ?

Annotations:
D:7 Joseph


Innate Abilities, Weirdness & Mutations

You have a pair of horns on your head.
You are completely covered in iridescent scales. (AC +6)
Your mind is very acute. (Int +8, Str/Dex -2)
You have acidic saliva.


Message History

Joseph shoots a sling bullet.
The sling bullet hits you!
A kobold brigand comes into view.
It is wielding a +0 dagger and quivering curare-tipped darts.
A kobold comes into view. It is wielding a +0 club.
The kobold shouts!
Joseph shoots a sling bullet.
The sling bullet hits you!
The kobold throws a stone.
The stone hits you but does no damage. The kobold closely misses you.
You hit the kobold. Your headbutt misses the kobold.
The kobold is moderately wounded.
You hit the kobold. You hit the kobold.
You kill the kobold!
You hit Joseph but do no damage. You hit the kobold.
You kill the kobold!
The kobold brigand throws a curare-tipped dart.
The curare-tipped dart hits you.
You are poisoned.
You have difficulty breathing.
You feel yourself slow down.
You feel very sick.
Joseph shouts, "Return immediately or I'll kill you!"
Joseph unwields a +0 sling.
Joseph wields a +0 quarterstaff of speed.
Joseph hits you with a +0 quarterstaff of speed!
The kobold hits you but does no damage.
Joseph hits you with a +0 quarterstaff of speed!
* * * LOW HITPOINT WARNING * * *
The kobold brigand hits you but does no damage.
You block the kobold's attack. The kobold hits you but does no damage.
Things that are here:
a +0 whip; a kobold corpse A thick mucus forms on your +0 war axe.
You feel very sick. Joseph hits you but does no damage.
Joseph hits you with a +0 quarterstaff of speed.
* * * LOW HITPOINT WARNING * * *
The kobold barely misses you.
The kobold brigand hits you but does no damage.
The kobold hits you but does no damage.
Joseph hits you with a +0 quarterstaff of speed!
You die...

#####J# #.....#
#.....##### #.........#
#.........####
#......>..##.###. .###
#....@....##..........
#...K@.......###.#.###
#...K)K...#P...♣.#.###
#..............~~~P.....
######.....##♣~~~.P....#
#.....##.~~~......#
#.....##.~~~~...J..
#.....##...≈.♣.....
#.....##...##.....∩
###.....##.####......


You could see Joseph, a kobold brigand, 2 kobolds and a neutral jelly
(wandering) (fellow slime).

Vanquished Creatures
  Sigmund (D:3)
  2 steam dragons
  Menkaure (D:7)
  Duvessa (D:7)
  The ghost of Inkenn the Covered, an amateur MeFi (D:3)
  2 ogres
  A phantom (D:5)
  A bullfrog (D:7)
  3 wights (D:6)
  Dowan (D:7)
  4 hounds
  Crazy Yiuf (D:4)
  2 orc priests (D:4)
  2 iguanas
  An orc wizard (D:4)
  4 gnolls (D:5)
  3 adders
  A shadow imp (D:7)
  2 white imps (D:7)
  3 ufetubi
  3 dart slugs
  14 orcs
  7 bats
  An endoplasm (D:1)
  3 giant cockroaches
  5 goblins
  4 hobgoblins
  14 jackals
  11 kobolds
  2 quokkas
  3 ball pythons
  2 frilled lizards
  4 rats
110 creatures vanquished.

Vanquished Creatures (others)
  A water moccasin (D:7)
  A black bear (D:7)
  A bullfrog (D:6)
  2 quasits (D:7)
  4 jellies
  An iguana (D:6)
  3 gnolls (D:5)
  4 adders
  2 shadow imps (D:7)
  A white imp (D:7)
  3 ufetubi
  8 orcs
  A ball python (D:1)
  2 bats
  3 endoplasms (D:4)
  A giant cockroach (D:1)
  3 goblins
  A rat (D:1)
42 creatures vanquished.

Grand Total: 152 creatures vanquished

Notes
Turn   | Place    | Note
-------+----------+-------------------------------------------
     0 | D:1      | Hubris850 the Hill Orc Fighter began the quest for the Orb.
     0 | D:1      | Reached XP level 1. HP: 19/19 MP: 1/1
    78 | D:1      | Found a faded altar of an unknown god.
    88 | D:1      | Prayed at the altar of an unknown god.
    88 | D:1      | Became a worshipper of Jiyva Juuqieq the Shapeless
    88 | D:1      | Reached * piety under Jiyva
   100 | D:1      | Reached skill level 3 in Axes
   100 | D:1      | Reached XP level 2. HP: 27/27 MP: 2/2
   459 | D:1      | Reached ** piety under Jiyva
   507 | D:1      | Reached XP level 3. HP: 32/33 MP: 3/3
  1297 | D:2      | Reached *** piety under Jiyva
  1608 | D:3      | Gained mutation: Your mind is acute. (Int +4, Str/Dex -1)
                  | [Jiyva's grace]
  1608 | D:3      | Gained mutation: Your mind is very acute. (Int +8, Str/Dex
                  | -2) [Jiyva's grace]
  1608 | D:3      | Gained mutation: You have a pair of small horns on your
                  | head. [Jiyva's grace]
  1608 | D:3      | Gained mutation: You have a pair of horns on your head.
                  | [Jiyva's grace]
  1616 | D:3      | Reached XP level 4. HP: 40/40 MP: 4/4
  1660 | D:3      | Identified the +5 mace "Unoschie" {heavy, Will- Str+4}
  1708 | D:3      | Reached **** piety under Jiyva
  1798 | D:3      | Noticed Sigmund
  1809 | D:3      | Killed Sigmund
  1810 | D:3      | Reached skill level 4 in Axes
  1810 | D:3      | Reached XP level 5. HP: 37/46 MP: 5/5
  1810 | D:3      | Reached XP level 6. HP: 42/52 MP: 6/6
  1857 | D:3      | Reached skill level 5 in Axes
  1917 | D:3      | Found a runed translucent door.
  1918 | D:3      | Noticed Inkenn's ghost (amateur MeFi)
  1979 | D:3      | Killed Inkenn's ghost
  1980 | D:3      | Reached skill level 5 in Armour
  1980 | D:3      | Reached skill level 5 in Shields
  2107 | D:4      | Reached skill level 6 in Axes
  2108 | D:4      | Found a broken altar of Ashenzari.
  2124 | D:4      | Found an iron altar of Okawaru.
  2124 | D:4      | Found an opulent altar of Gozag.
  2161 | D:4      | Identified the +0 robe of Zunau {Fly rF- rN+ Str+3 Stlth+}
  2214 | D:4      | Reached XP level 7. HP: 59/59 MP: 7/7
  2227 | D:4      | Reached skill level 7 in Axes
  2493 | D:4      | Found a runed translucent door.
  2494 | D:4      | Noticed Crazy Yiuf
  2498 | D:4      | Killed Crazy Yiuf
  2589 | D:5      | Entered Level 5 of the Dungeon
  2631 | D:5      | Reached skill level 8 in Axes
  2739 | D:5      | Found an ancient bone altar of Kikubaaqudgha.
  2892 | D:5      | Reached skill level 9 in Axes
  3271 | D:6      | Found Miggeeq's Magic Scroll Shop.
  3279 | D:6      | Bought a scroll of identify for 22 gold pieces
  3279 | D:6      | Bought a scroll of teleportation for 33 gold pieces
  3350 | D:6      | Reached XP level 8. HP: 66/66 MP: 8/8
  3365 | D:6      | Reached skill level 10 in Axes
  3420 | D:6      | Reached ***** piety under Jiyva
  3420 | D:6      | Gained mutation: You have acidic saliva. [Jiyva's grace]
  3420 | D:6      | Gained mutation: You are partially covered in iridescent
                  | scales. (AC +2) [Jiyva's grace]
  3420 | D:6      | Gained mutation: You are mostly covered in iridescent
                  | scales. (AC +4) [Jiyva's grace]
  3420 | D:6      | Gained mutation: You are completely covered in iridescent
                  | scales. (AC +6) [Jiyva's grace]
  3471 | D:6      | Found a bloodstained altar of Trog.
  3856 | D:7      | Reached skill level 11 in Axes
  3864 | D:7      | Found a white marble altar of Elyvilon.
  3877 | D:7      | Found a staircase to the Ecumenical Temple.
  3987 | D:7      | Found a hazy altar of Hepliaklqana.
  3988 | D:7      | Found a shimmering altar of Xom.
  3989 | D:7      | Noticed a spectral ugly thing
  4002 | D:7      | Noticed Duvessa
  4008 | D:7      | Noticed Dowan
  4013 | D:7      | Killed Duvessa
  4014 | D:7      | Reached skill level 12 in Axes
  4023 | D:7      | Killed Dowan
  4130 | D:7      | Identified the +8 dagger "Grim Tooth" {freeze, rC+ rN+
                  | Int+4}
  4192 | D:7      | Noticed Menkaure
  4200 | D:7      | Killed Menkaure
  4201 | D:7      | Reached skill level 13 in Axes
  4201 | D:7      | Reached XP level 9. HP: 38/71 MP: 9/9
  4251 | D:7      | Noticed Joseph
  4259 | D:7      | Slain by Joseph

Illustrated notes

Levels and vault maps discovered:
D:1:      dpeg_arrival_rooms_with_view, layout_basic,
          dreamdust_ecumenical_altar_angels_and_demons
D:2:      layout_loops_ring
D:3:      layout_rooms, gammafunk_ghost_grave, uniq_sigmund
D:4:      layout_basic, grunt_temple_overflow_diamond, minmay_three_crescents,
          uniq_crazy_yiuf_cottage
D:5:      layout_loops_ring, kiku_gazebo_pond_becter, dk_noncrumbling_2,
          small_statue_intersection
D:6:      layout_gridville, trog_hazing_becter, serial_shops, shop
D:7:      layout_basic, regret_index_temple_of_mockery, elyvilon_altar_4,
          minmay_temple_entry_grid, serial_demonic, serial_demonic_e,
          serial_demonic_d, serial_demonic_d, serial_demonic_b,
          serial_demonic_f, serial_demonic_d, serial_demonic_b, uniq_joseph,
          uniq_duvessa, uniq_menkaure

Skill      XL: |  1  2  3  4  5  6  7  8 |
---------------+-------------------------+-----
Axes           | 3 4 6 9 13 | 13.3
Fighting       | 4 |  4.0
Shields        | 4 5 |  5.0
Armour         | 4 5 |  5.0

Action                     |  1- 3 |  4- 6 |  7- 9 || total
---------------------------+-------+-------+-------++-------
  Melee: War axe           |   114 |    66 |   169 ||   349
         Headbutt          |       |     8 |    16 ||    24
         Mace              |       |     2 |       ||     2
         Bite              |       |       |    14 ||    14
  Throw: Dart              |       |     3 |     3 ||     6
         Boomerang         |       |       |     3 ||     3
 Invoke: Oozemancy         |       |       |     1 ||     1
         Slimify           |       |       |     1 ||     1
    Use: Potion            |       |     1 |       ||     1
         Scroll            |       |       |     1 ||     1
 Armour: Scale mail        |    67 |    15 |       ||    82
         Chain mail        |       |    42 |    98 ||   140
  Dodge: Dodged            |    68 |    43 |    67 ||   178
         Repelled          |       |     1 |       ||     1
  Block: Buckler           |    31 |    18 |    38 ||    87
